 Dungeon Crawl Stone Soup version 0.30-a0-859-gf88a04b62d (webtiles) character file.

Game seed: 5493104597639020387

29 qeuew the Chucker (level 3, -1/25 HPs)
             Began as a Gnoll Wanderer on Mar 6, 2023.
             Slain by Sigmund
             ... wielding a +0 scythe
              (7 damage)
             ... on level 2 of the Dungeon.
             The game lasted 00:02:19 (736 turns).

qeuew the Chucker (Gnoll Wanderer)                   Turns: 736, Time: 00:02:20

Health: -1/25      AC:  5    Str: 13    XL:     3   Next: 16%
Magic:  7/7        EV: 11    Int:  9    God:
Gold:   96         SH:  0    Dex: 13    Spells: 7/7 levels left

rFire   . . .      SeeInvis .    a - +2 spear
rCold   . . .      Faith    .    (no shield)
rNeg    . . .      Spirit   .    f - +0 leather armour
rPois   .          Reflect  .    (no helmet)
rElec   .          Rampage  .    (no cloak)
rCorr   .                        (no gloves)
Will    .....                    o - +1 pair of boots
Stlth   +                        l - amulet of regeneration
HPRegen 1.04/turn                (no ring)
MPRegen 0.10/turn                (no ring)

@: silenced
A: fangs 1, strong nose, distributed training
a: no special abilities


You were on level 2 of the Dungeon.
You visited 1 branch of the dungeon, and saw 2 of its levels.

You collected 96 gold pieces.

Inventory:

Hand Weapons
 a - a +2 spear (weapon)
 d - a +0 dagger
Missiles
 c - 9 poisoned darts (quivered)
Armour
 f - a +0 leather armour (worn)
 o - a +1 pair of boots (worn)
Jewellery
 l - an amulet of regeneration (around neck)
Potions
 m - a potion of invisibility


   Skills:
 + Level 0.7 Fighting
 + Level 0.7 Short Blades
 + Level 0.7 Long Blades
 + Level 0.7 Axes
 + Level 0.7 Maces & Flails
 + Level 4.5 Polearms
 + Level 0.7 Staves
 + Level 0.7 Ranged Weapons
 + Level 6.5 Throwing
 + Level 2.6 Armour
 + Level 0.7 Dodging
 + Level 2.3 Stealth
 + Level 0.7 Shields
 + Level 0.7 Unarmed Combat
 + Level 2.8 Spellcasting
 + Level 0.5 Conjurations
 + Level 0.5 Hexes
 + Level 0.5 Summonings
 + Level 0.5 Necromancy
 + Level 0.5 Translocations
 + Level 0.5 Transmutations
 + Level 0.5 Fire Magic
 + Level 0.5 Ice Magic
 + Level 0.5 Air Magic
 + Level 0.5 Earth Magic
 + Level 0.5 Poison Magic
 + Level 0.9 Invocations
 + Level 4.5 Evocations


You had 7 spell levels left.
You didn't know any spells.
Your spell library contained the following spells:

 Spells                   Type           Power      Damage    Failure   Level
 Apportation              Tloc           4%         N/A       32%         1
 Necrotise                Necr           8%         1d4       32%         1
 Summon Small Mammal      Summ           8%         N/A       32%         1
 Inner Flame              Hex/Fire       2%         N/A       67%         3
 Flame Wave               Conj/Fire      2%         2d4       97%         4
 Sticky Flame             Conj/Fire      2%         2d3       97%         4


Dungeon Overview and Level Annotations

Branches:
Dungeon (2/15)

Altars:

Annotations:
D:2 Sigmund


Innate Abilities, Weirdness & Mutations

You have very sharp teeth.
Your uncanny sense of smell can sniff out nearby items.
Your experience applies equally to all skills.


Message History

Something tries to affect you, but you resist.
You bump into the rock wall.
You hear some strange, mumbled words.
A puff of flame appears from out of thin air!
The puff of flame hits you!
You miss something. Something hits you.
A kobold comes into view. It is wielding a +0 short sword.
The kobold shouts!
You hear an angry hiss.
Something hits you but does no damage.
You're too confused to move!
The hobgoblin closely misses you.
You hear some strange, mumbled words.
You are more confused.
A ball python comes into view.
The hobgoblin attacks as you move away! The hobgoblin hits you.
Something hits you.
You feel less invigorated.
You see here a rat corpse.
You hear some strange, mumbled words.
A magic dart appears from out of thin air!
The magic dart hits you. The hobgoblin misses you.
You miss something. Something hits you! The hobgoblin closely misses you.
The kobold barely misses you.
You bump into the rock wall.
Something hits you. The kobold completely misses you.
The hobgoblin hits you but does no damage.
You closely miss something. Your bite misses something.
The hobgoblin barely misses you. The kobold barely misses you.
You bump into the rock wall.
You feel less confused. Something hits you but does no damage.
The hobgoblin closely misses you. The kobold barely misses you.
You miss something. You completely miss something. Something hits you!
* * * LOW HITPOINT WARNING * * *
The hobgoblin closely misses you.
The kobold hits you with a +0 short sword.
* * * LOW HITPOINT WARNING * * *
As you read the scroll of silence, it crumbles to dust.
A profound silence engulfs you. The hobgoblin closely misses you.
The kobold misses you. Something hits you!
You die...

.....# .. .....#
. .# ##.....#
.##. .##.#..#
...#. #.#..# ##
#... #.#.)#
#...###.###.#<.#
#....Kg†.....#
..###{@......#
#.##.#####
#.##.# #.##.#
∆#.##.# #.##.#
..##.# #<##.#


You could see a hobgoblin and a kobold.

Vanquished Creatures
  A ball python (D:1)
  A bat (D:1)
  3 endoplasms (D:1)
  A giant cockroach (D:1)
  3 hobgoblins (D:1)
  4 jackals (D:1)
  A quokka (D:1)
  2 frilled lizards (D:1)
  2 goblins
  4 kobolds (D:1)
  5 rats
27 creatures vanquished.

Notes
Turn   | Place    | Note
-------+----------+-------------------------------------------
     0 | D:1      | qeuew the Gnoll Wanderer began the quest for the Orb.
     0 | D:1      | qeuew set off with the following items: a +2 spear, a
                  | scroll of silence, 9 poisoned darts, a +0 dagger, a potion
                  | of attraction, a +0 leather armour.
     0 | D:1      | Reached XP level 1. HP: 13/13 MP: 4/4
   134 | D:1      | Reached XP level 2. HP: 19/19 MP: 5/5
   369 | D:1      | Found a faded altar of an unknown god.
   394 | D:1      | Reached XP level 3. HP: 25/25 MP: 7/7
   699 | D:2      | Noticed Sigmund
   719 | D:2      | HP: 1/25 [something (6)]
   736 | D:2      | Slain by Sigmund

Illustrated notes

Levels and vault maps discovered:
D:1:      dpeg_arrival_water_temple_mockup, layout_basic,
          hellmonk_ecumenical_altar_lost_god, chequers_decorated_corner,
          minmay_misc_feat_iff, minmay_tromino_v4_b
D:2:      layout_loops_ring, grunt_ministairs_7, uniq_sigmund

Action                     || total
---------------------------++-------
  Melee: Spear             ||    91
         Bite              ||     1
    Use: Scroll            ||     6
         Potion            ||     2
   Stab: Sleeping          ||     3
 Armour: Leather armour    ||    18
  Dodge: Dodged            ||    39

Table legend: (Time is in decaauts)
 A = Elapsed time spent in this place.
 B = Non-inter-level travel time spent in this place.
 C = Inter-level travel time spent in this place.
 D = Time resting spent in this place.
 E = Time spent auto-exploring this place.
 F = Levels seen in this place.
 G = Mean time per level.
                   A        B        C        D        E       F      G
               +--------+--------+--------+--------+--------+-----+--------+
         Total |    724 |    712 |     12 |      0 |    513 |   2 |  362.0 |
       Dungeon |    724 |    712 |     12 |      0 |    513 |   2 |  362.0 |
               +--------+--------+--------+--------+--------+-----+--------+

Top non-repeatable levels by time:
     D:1: 685 daAuts
     D:2: 39 daAuts
